[Event "Championnat du monde jeunes U10F"]
[Date "2024.11.15"]
[White "Sholpanbek, Zhansaya"]
[Black "Zhang, Weiai"]
[WhiteElo "1657"]
[BlackElo "1488"]
[Round "1.25"]
[Result "1-0"]
[TimeControl "5400+30"]

1. e4 c5 2. Nf3 d6 3. Bb5+ Bd7 4. Bxd7+
Qxd7 5. c4 g6 6. Nc3 Bg7 7. d4 cxd4 8.
Nxd4 Nc6 9. Be3 Nf6 10. f3 O-O 11. O-O Rac8 12. b3 Rfd8 13. Rc1 a6 14. Na4 Qe8 15. Nb6 Rc7 16. Qd2 e6 17. Rfd1 d5 18. Nxc6 Rxc6 19. cxd5 exd5 20. exd5 Nxd5 21. Rxc6 bxc6 22. Bf2 Bf6 23. Nxd5 Rxd5 24. Qc2 Qd7 25. Rxd5 Qxd5 26. Qe2 Qe5 27. Qxe5 Bxe5 28. Bg3 Bxg3 29. hxg3 Kf8 30. Kf2 Ke7 31. Ke3 Kd6 32. Kd4 c5+ 33. Kc4 Kc6 34. g4 g5 35. g3 h6 36. f4 gxf4 37. gxf4 f6 38. a4 Kd6 39. b4 cxb4 40. Kxb4 Kc6 41. Kc4 a5 42. Kd4 Kd6 43. Ke4 Kc5 44. Kf5 Kb4 45. Kxf6 Kxa4 46. g5 hxg5 47. fxg5 Kb4 48. g6 a4 49. g7 1-0

[Variant "Standard"]
[Site "Europe Echecs"]

[Event "Championnat du monde jeunes U10F"]
[Date "2024.11.15"]
[White "Pambieri, Nicole"]
[Black "Trzcinska, Weronika"]
[WhiteElo "1482"]
[BlackElo "1653"]
[Round "1.26"]
[Result "0-1"]
[TimeControl "5400+30"]

1. c4 e5 2. g3 Nf6 3. Bg2 Nc6 4. Nc3 Be7 5. Nf3 O-O 6. O-O d6 7. d3 Be6 8. a3 a5
9. Bd2 Qc8 10. Nb5 Nd8 11. Qe1 c6 12. Nc3 Bh3 13. Bxh3 Qxh3 14. Na4 b5 15. cxb5
cxb5 16. Nb6 Ra6 17. Bxa5 Nb7 18. b4 Bd8 19. a4 Nxa5 20. bxa5 Bxb6 21. axb5 Bxa5
22. Rxa5 Rb6 23. e4 Rfb8 24. Qa1 Ng4 25. Ra8 g6 26. Rxb8+ Rxb8 27. Qa6 f5 28. b6
fxe4 29. dxe4 Rf8 30. Qa2+ Kg7 31. Re1 Rxf3 32. Rb1 Qxh2+ 33. Kf1 Rxf2+ 34. Ke1
Qg1# 0-1

[Variant "Standard"]
[Site "Europe Echecs"]

[Event "Championnat du monde jeunes U10F"]
[Date "2024.11.15"]
[White "Mandukhai, Munkhbat"]
[Black "Babii, Oriiana"]
[WhiteElo "1645"]
[BlackElo "1481"]
[Round "1.27"]
[Result "1-0"]
[TimeControl "5400+30"]

1. e4 c5 2. c3 d6 3. d4 Bd7 4. Nf3 Bg4 5. Bc4 Bxf3 6. Qxf3 cxd4 7. Bxf7+ Kd7 8.
Qf5+ Kc7 9. O-O Nc6 10. Bd2 Qd7 11. Be6 Qe8 12. Na3 a6 13. Rfd1 g6 14. Qf3 Nf6
15. cxd4 Bg7 16. d5 Ne5 17. Ba5+ b6 18. Rac1+ Kb7 19. Qb3 b5 20. Rc7+ 1-0

[Variant "Standard"]
[Site "Europe Echecs"]

[Event "Championnat du monde jeunes U10F"]
[Date "2024.11.15"]
[White "Norkulova, Malika"]
[Black "Sun, Yucan(SD)"]
[WhiteElo "1480"]
[BlackElo "1642"]
[Round "1.28"]
[Result "1/2-1/2"]
[TimeControl "5400+30"]

1. c4 c6 2. d4 d5 3. cxd5 cxd5 4. Nc3 Nf6 5. Bf4 Nc6 6. e3 Bf5 7. Be2 e6 8. Qb3 Bb4 9. a3 Bxc3+ 10. bxc3 Qa5 11. Rc1 b6 12. Bb5 Rc8 13. Nf3 O-O 14. O-O Ne4 15. h3 a6 16. Be2 b5 17. Bd3 Ng3 18. fxg3 Bxd3 19. Rf2 Qb6 20. Nd2 f5 21. Qb2 h5 22. Nb3 Bc4 23. Nc5 Rfe8 24. Na4 Qd8 25. Nc5 g5 26. Nb7 Qb6 27. Nd6 gxf4 28. Nxc8 Rxc8 29. Rxf4 Qd8 30. g4 Qg5 31. gxh5 Qxh5 32. Qf2 a5 33. Kh2 Bd3 34. g4 Qh7 35. gxf5 Bxf5 36. Rg1+ Bg6 37. Rf6 Ne7 38. Rfxg6+ Nxg6 39. Qf6 Qf7 40. Rxg6+ Kf8 41. Qh8+ Ke7 42. Qxc8 Qxg6 43. Qc7+ Kf6 44. Qxa5 Qc2+ 45. Kg3 Qg6+ 1/2-1/2

[Variant "Standard"]
[Site "Europe Echecs"]

[Event "Championnat du monde jeunes U10F"]
[Date "2024.11.15"]
[White "Camacho Chavez, Nirvana"]
[Black "Sobirova, Mumtozbegim"]
[WhiteElo "1638"]
[BlackElo "1476"]
[Round "1.29"]
[Result "0-1"]
[TimeControl "5400+30"]

1. e4 c5 2. Nf3 e6 3. d4 cxd4 4. Nxd4 Nc6 5. Nc3 Qc7 6. Be3 a6 7. Qd2 Nf6 8. f3 Be7 9. Be2 b5 10. Nb3 Bb7 11. a3 Rd8 12. Bd3 d5 13. Qf2 Qd7 14. Bb6 Ra8 15. O-O O-O 16. Kh1 Ne5 17. Rad1 Qc8 18. Na5 Bd8 19. Nxb7 Qxb7 20. Be3 Bc7 21. exd5 exd5 22. Rfe1 Nxd3 23. Rxd3 Rad8 24. Bg5 Qc6 25. Qd4 Rfe8 26. Rde3 Rxe3 27. Bxe3 Qd6 28.
Qh4 Re8 29. Bf2 Rxe1+ 30. Bxe1 Qd7 31.
Bg3 Bb6 32. Qf4 d4 33. Ne4 Nxe4 34.
fxe4 h6 35. Qd2 Qc6 36. Qd3 Qc4 37.
Qxc4 bxc4 38. Be1 Kf8 39. g3 Ke7 40. Kg2 Ke6 41. Kf3 h5 42. Bd2 f6 43. a4 Bc7 44. Be1 f5 45. Bd2 Bd8 46. h3 g5 47. exf5+ Kxf5 48. g4+ hxg4+ 49. hxg4+ Ke5 50. b3 c3 51. Be1 Kd5 52. Bg3 d3 53. cxd3 c2 54. d4 c1=Q 55. Be5 Qf1+ 56. Kg3 Qd3+ 57. Kf2 Qxb3 0-1

[Variant "Standard"]
[Site "Europe Echecs"]

[Event "Championnat du monde jeunes U10F"]
[Date "2024.11.15"]
[White "Vitsiuk, Aleksandra"]
[Black "Mohamed Ahmed, Ghidaa"]
[WhiteElo "1476"]
[BlackElo "1638"]
[Round "1.30"]
[Result "0-1"]
[TimeControl "5400+30"]

1. e4 e5 2. Nf3 d6 3. d4 exd4 4. Nxd4 Nf6 5. Nc3 Be7 6. Be2 a6 7. Be3 O-O 8. O-O Re8 9. Re1 Nbd7 10. Nf5 Bf8 11. f3 Ne5 12. Ng3 Ng6 13. Qd2 b5 14. Rad1 Bb7 15. a3 Qd7 16. Nf5 Ne7 17. Nxe7+ Bxe7 18. e5 Nh5 19. g4 Rad8 20. gxh5 Qh3 21. Nd5 Bh4 22. Rf1
dxe5 23. c4 c6 24. Bb6 cxd5 25. Bxd8 Bxd8 26. cxd5 Qxh5 27.
Kh1 Qh4 28. Rg1 e4 29. Rg4 e3 30. Qd4 Qh6 31. Rdg1 Bf6 32. Qb6 Bxd5 33. Qxa6 Be6 34. Qxb5 Rd8 35. R4g3 g6 36. Rd1 Rxd1+ 37. Bxd1 Bh4 38. Rg1 Bf2 39. Rg5 Qf8 40. Qc6 Qd8 41. f4 Qxd1+ 42. Kg2 Qg1+ 43. Kf3 Qh1+ 44. Rg2 Qd1+ 45. Ke4 Bf5+ 46. Ke5 Qd8 47. Qa6 f6+ 48. Qxf6 Qxf6+ 49. Kxf6 e2 50. Rxf2 e1=Q 51. Rf3 Qh4+ 52. Ke5 Qe7+ 53. Kd4 Qd6+ 54. Kc3 Qc5+ 55. Kb3 Be6+ 56. Ka4 Qc6+ 57. Kb4 Qxf3 58. Kc5 Qd5+ 59. Kb4 Qc4+ 60. Ka5 Bd7 61. Kb6 Qc6+ 62. Ka5 Qb5# 0-1

[Variant "Standard"]
[Site "Europe Echecs"]

[Event "Championnat du monde jeunes U10F"]
[Date "2024.11.15"]
[White "Artemenko, Isabella"]
[Black "Yang, Haeun"]
[WhiteElo "1637"]
[BlackElo "1475"]
[Round "1.31"]
[Result "1-0"]
[TimeControl "5400+30"]

1. e4 e5 2. Nf3 Nc6 3. Bc4 Be7 4. O-O Nf6 5. Re1 d6 6. h3 h6 7. d4 exd4 8. Nxd4 Bd7 9.
Nc3 O-O 10. Nd5 Nxd5 11. Bxd5 Bf6 12.
c3 Nxd4 13. cxd4 Rb8 14. Bf4 Be6 15.
Bxe6 fxe6 16. e5 Be7 17. Bg3 Qe8 18.
exd6 Bxd6 19. Qb3 Bxg3 20. fxg3 Rf6 21.
d5 Qg6 22. Rxe6 Rxe6 23. dxe6 Kh8 24.
Re1 b6 25. Kh2 Re8 26. Qd5 Qf6 27. e7 Rxe7 28. Qd8+ Kh7 29. Qxe7 Qxe7 30. Rxe7 c5 31. Rxa7 Kg6 32. Rb7 Kf5 33. Rxb6 Ke4 34. Rg6 Kd3 35. Rxg7 c4 36. Rh7 Kc2 37. Rxh6 Kxb2 38. a4 c3 39. Rc6 c2 40. a5 c1=Q 41. Rxc1 Kxc1 42. a6 Kd2 43. a7 Kd3 44. a8=Q Kd4 45. Qe8 Kd5 46. Qe3 Kd6 47. Qe4 Kc5 48. Qd3 Kb4 49. Qc2 Kb5 50. h4 Kb6 51. h5 Kb5 52. h6 Kb4 53. h7 Kb5 54. h8=Q Kb4 55. Qb8+ Ka3 56. Qcc7 Ka4 57. Qca7# 1-0

[Variant "Standard"]
[Site "Europe Echecs"]

[Event "Championnat du monde jeunes U10F"]
[Date "2024.11.15"]
[White "Foong, Livia"]
[Black "Jaksa, Ema"]
[WhiteElo "1461"]
[BlackElo "1635"]
[Round "1.32"]
[Result "0-1"]
[TimeControl "5400+30"]

1. d4 d5 2. Nf3 Nf6 3. Bf4 c5 4. e3 Nc6 5. Be2 Qb6 6. b3 e6 7. O-O Be7 8. Nbd2 cxd4 9. exd4 Nxd4 10. Be3 Nxe2+
11. Qxe2 Qd8 12. Rfd1 O-O 13. c4 Bd7 14. Ne5 Bd6 15. Bg5 Be7 16. cxd5 Nxd5 17. Nxd7 Qxd7 18. Nf3 Bxg5 19. Nxg5 h6 20. Ne4 Rac8 21. Qg4 f5 22. Qg6 fxe4 23. Qxe4 Qf7 24. Kh1 Nc3 25. Qe3 Nxd1 26. Rxd1 Rfd8 27. Re1 Rd7 28. Qh3 Rcd8 29. Rf1 Rd1 30. g3 Qf3+ 31. Kg1 Rxf1+ 32. Qxf1 Rd1 33. h4 Rxf1+ 34. Kxf1 Qd3+ 35. Kg2 Qc2 36. h5 Qxa2 37. b4 Qb3 38. g4 Qxb4 39. Kg3 a5 40. Kh4 a4 41. f4 a3 42. f5 exf5 43. Kh3 a2 44. gxf5 a1=Q 45. Kg2 Qa2+ 46. Kf3 Qaa3+ 47. Ke2 Qbb2+ 48. Kd1 Qaa1# 0-1

[Variant "Standard"]
[Site "Europe Echecs"]

[Event "Championnat du monde jeunes U10F"]
[Date "2024.11.15"]
[White "Bayramova, Aya"]
[Black "Khelfallah , Ikhlas"]
[WhiteElo "1634"]
[BlackElo "1449"]
[Round "1.33"]
[Result "1-0"]
[TimeControl "5400+30"]

1. d4 Nf6 2. c4 g6 3. Nc3 Bg7 4. e4 d6 5. Be2 O-O 6. Be3 e5 7. d5 c6 8. f3 Ne8 9. c5 f5 10. dxc6 Nxc6 11. Qb3+ Kh8 12. cxd6 Qxd6 13. Rd1 Qe6 14. Bc4 Qe7 15. Nd5 Qd8 16. Nb6 Qe7 17. Nxa8 fxe4 18. fxe4 Qh4+ 19. g3 Qxe4 20. Bd5 Qf5 21. Ne2 e4 22. Bxc6 Qf6 23. Nd4 Qf5 24. Ne2 bxc6 25. Nd4 Qf6 26. Qc4 Bb7 27. Rf1 Qxf1+ 28. Qxf1 Rxf1+ 29. Kxf1 Bxa8 30.
Ne6 Bf6 31. Bd4 Kg8 32. Bxf6 Nxf6 33.
Rd8+ Kf7 34. Ng5+ Kg7 35. Rxa8 Kh6 36. h4 Kh5 37. Rxa7 h6 38. Ne6 Kg4 39. Kg2 e3 40. Nf4 g5 41. hxg5 hxg5 42. Ne2 Nd5 43. Ra4+ Kh5 44. Kf3 c5 45. g4+ Kh4 46. Ra8 Nf6 47. Rh8+ Nh5 48. Rxh5#
1-0

[Variant "Standard"]
[Site "Europe Echecs"]

[Event "Championnat du monde jeunes U10F"]
[Date "2024.11.15"]
[White "Mamarasulova, Yasmina"]
[Black "Li, Wan Qin"]
[WhiteElo "1444"]
[BlackElo "1628"]
[Round "1.34"]
[Result "0-1"]
[TimeControl "5400+30"]

1. d4 Nf6 2. c4 e6 3. Nc3 Bb4 4. e3 O-O 5. Bd3 d5 6. Bd2 c5 7. Nf3 Nc6 8. a3 Bxc3 9. bxc3 cxd4 10. exd4 Re8 11. O-O b6 12. cxd5 exd5 13. Bb5 Bd7 14. c4 dxc4 15. Bxc4 Bg4 16. Qb3 Qc7 17. Ng5 Bh5 18. Rac1 Nxd4 19. Qb2 Qe5 20. Rb1 Ng4 21. f4 Qc5 22. h3 Nf3+ 23. Kh1 Qg1+ 24. Rxg1 Nf2# 0-1

[Variant "Standard"]
[Site "Europe Echecs"]

[Event "Championnat du monde jeunes U10F"]
[Date "2024.11.15"]
[White "Nguyen Doan, Bao Anh Angelina"]
[Black "Blakhina Viktoryia"]
[WhiteElo "1628"]
[BlackElo "1436"]
[Round "1.35"]
[Result "1/2-1/2"]
[TimeControl "5400+30"]

1. e4 e6 2. d4 d5 3. Nc3 dxe4 4. Nxe4 Nd7 5. Nf3 Ngf6 6. Bd3 Nxe4 7. Bxe4 Nf6 8. Bg5 Be7 9. Bxf6 Bxf6 10. Qd3 h6 11. O-O-O O-O 12. h4 Be7 13. Qc3 Bd6 14. Kb1 c6 15. g4 Qe7 16. g5 h5 17. Ne5 Bxe5 18. dxe5 Bd7 19. Rd6 Rad8 20. Rdd1 Ra8 21. Rd6 Rad8 22. Rhd1 Bc8 23. Qd4 Rxd6 24. exd6 Qd7 25. Qxa7 e5 26. Qe3 Rd8 27. Bf3 Qe6 28. Bxh5 Rxd6 29. Rxd6 Qxd6 30. f4 Qd5 31.
fxe5 Qh1+ 32. Qc1 Qxh4 33. Be2 Qe4 34.
Qd1 Qxe5 35. Qd8+ Kh7 36. Qxc8 Qxe2 37.
Qf5+ Kg8 38. Qc8+ Kh7 39. Qf5+ 1/2-1/2

[Variant "Standard"]
[Site "Europe Echecs"]

[Event "Championnat du monde jeunes U10F"]
[Date "2024.11.15"]
[White "Muradli, Sabira"]
[Black "Khusnitdinova, Husnorakhon"]
[WhiteElo "1430"]
[BlackElo "1626"]
[Round "1.36"]
[Result "0-1"]
[TimeControl "5400+30"]

1. e4 e5 2. Nf3 Nc6 3. Bc4 Bc5 4. c3 Nf6 5. d4 exd4 6. cxd4 Bb4+ 7. Nc3 Nxe4 8.
O-O Bxc3 9. bxc3 d5 10. Bd3 Bf5 11. Re1 O-O 12. Qc2 Re8 13. Be3 Qf6 14. Rab1
Rab8 15. Ng5 Qg6 16. Nxe4 Bxe4 17. Bxe4 Rxe4 18. f3 Rxe3 19. Qd2 Rbe8 20. Rbd1
Rxe1+ 21. Rxe1 Rxe1+ 22. Qxe1 Qe6 23. Qd2 Na5 24. h3 Nc4 25. Qc1 Qe3+ 26. Qxe3
Nxe3 27. Kf2 Nd1+ 28. Ke2 Nxc3+ 29. Kd3 Nxa2 30. g4 a5 31. Kc2 b5 32. Kb3 Nc1+
33. Kc2 Ne2 34. Kd3 Nf4+ 35. Ke3 Nxh3 36. f4 a4 37. Kd3 b4 38. Kc2 Nxf4 39. Kb2
Nd3+ 40. Ka2 b3+ 41. Ka3 b2 42. Ka2 a3 43. Kb1 Nf4 44. g5 Ne2 45. Ka2 Nc3+ 46.
Kxa3 b1=Q 47. g6 c5 48. gxf7+ Kxf7 49. dxc5 Qa2+ 50. Kb4 d4 51. c6 Ke6 52. c7
Kd5 53. c8=Q Qa4# 0-1

[Variant "Standard"]
[Site "Europe Echecs"]

[Event "Championnat du monde jeunes U10F"]
[Date "2024.11.15"]
[White "Afandi, Sadagul"]
[Black "Kovacikova, Simona"]
[WhiteElo "1625"]
[BlackElo "1412"]
[Round "1.37"]
[Result "1-0"]
[TimeControl "5400+30"]

1. e4 e5 2. Nf3 Nc6 3. Bc4 Nf6 4. d3 d6 5. c3 h6 6. O-O a6 7. a4 Be7 8. Re1 O-O 9. Nbd2 Be6 10. Nf1 Qd7 11. Ng3 d5 12. exd5 Bxd5 13. Be3 Bxc4 14. dxc4 Qe6 15. Bf4 Qxc4 16. Bxe5 Nxe5 17. Rxe5 Bd6 18. Qe2 Qc6 19. Nd4 Qd7 20. Re3 Rfe8 21. Ndf5 Rxe3 22. Qxe3 Nd5 23. Qf3 c6 24. Qg4 Kf8 25. Qxg7+ Ke8 26. Qg8+ Bf8 27. Re1+ Ne7 28. Ng7+ Kd8 29. Qxf8+ 1-0

[Variant "Standard"]
[Site "Europe Echecs"]

[Event "Championnat du monde jeunes U10F"]
[Date "2024.11.16"]
[White "Bayramova, Aya"]
[Black "Berikkyzy Alanna"]
[WhiteElo "1634"]
[BlackElo "2043"]
[Round "2.1"]
[Result "0-1"]
[TimeControl "5400+30"]

1. d4 Nf6 2. c4 e6 3. Nc3 Bb4 4. Bg5 d5 5. cxd5 exd5 6. Qa4+ Nc6 7. e3 h6 8. Bxf6 Qxf6 9. Nf3 O-O 10. Bb5 a5 11. O-O Ne7 12. a3 Bd6 13. e4
dxe4 14. Nxe4 Qg6 15.
Nc3 Qf6 16. Ne4 Qg6 17. Nc3 Qf6 18. Ne4 Qg6 19. Nc3 Qf6 20. Ne4 Qg6 21. Bd3 Qf6 22. Bb5 Qg6 23. Bd3 Bf5 24. Nxd6 Bxd3 25. Ne5 Qxd6 26. Nxd3 Qg6 27. Ne5 Qd6 28. Nd3 Qg6 29. Ne5 Qd6 30. Nd3 Nc6 31. Ne5 Ne7 32. Nd3 Qg6 33. Ne5 Qd6 34.
Nd3 Nc6 35. Rad1 Qxd4 36. Qb5 Qd6 37.
Qa4 Qd4 38. Qb5 Qd6 39. Qa4 Qd4 40. Qb5
Qb6 41. Qa4 Qd4 42. Qb5 Qb6 43. Qa4 Qd4 44.
Qb5 Qb6 45. Qxb6 cxb6 46. Nf4 Rad8 47. Nd3 Ra8 48. Nf4 Rad8 49. Nd3 Ra8 50. Nf4 Rad8 51. Nd5 b5 52. f3 Rfe8 53. Kf2 Rf8 54. Kg1
Rfe8 55. Kf2 Re5 56. Nc3 Rxd1 57. Rxd1 b4 58. axb4 Nxb4 59. Rd8+ Kh7 60. Rd7 b5 61. f4 Rf5 62. Kf3 g5 63. g3 gxf4 64. gxf4 Kg6 65. Rb7 Nd5 66. Rd7 Nb4 67. Rb7 Nd5 68. Rd7 Nb4 69. Rb7 Nd5 70. Rd7 Nb4 71. Rb7 Nd5 72. Rd7 Nb4 73. Rb7 Nd5 74. Ne2 b4 75. Rb5 a4 76.
Ra5 Nb6 77. Ra6 Rf6 78. Ra5 Rf5 79. Ra6 Rf6 80. Ng3 Rf5 81. Ne2 Rf6 82. Ng3 Rc6 83. Ne2 Rf6 84. Ng3 Rc6 85. Ne2 Rf6 86. Ng3 Rc6
87. Ne4 f6 88. Nf2 Kf7 89. Nd3 b3 90. Ke4 Ke6 91. h4 Kd7 92. Kf5 Kc7 93. Ke4 Kd7 94. Kf5 Kc7 95. Ra7+ Kb8 96. Rh7 Nc4 97. Rd7 Nb6 98. Rh7 Nc4 99. Rd7 Nxb2 100. Nxb2 a3 101. Na4 b2 102. Ke4 0-1

[Variant "Standard"]
[Site "Europe Echecs"]

[Event "Championnat du monde jeunes U10F"]
[Date "2024.11.16"]
[White "Yunker, Alisa Genrietta"]
[Black "Afandi, Sadagul"]
[WhiteElo "1872"]
[BlackElo "1625"]
[Round "2.2"]
[Result "1-0"]
[TimeControl "5400+30"]

1. d4 d5 2. c4 c6 3.
cxd5 cxd5 4. Nc3 Nf6 5. Nf3 Bf5 6. Qb3 b6 7. Bg5 e6 8. e3 Be7 9. Bb5+ Nbd7 10. Ne5 O-O 11. Bxd7 a6 12. Bc6 Ra7 13. O-O b5 14. Rac1 Rc7 15. a4 b4 16. Na2 a5 17. Bb5 h6 18. Bf4 Rxc1 19. Rxc1 Qa8 20. Nc6 Qd8 21. Ne5 Qa8 22. Nc6 Qd8 23. Ne5 Qa8 24. Nc6 Qd8 25. Ne5 Qa8 26. Nc6 Qd8 27. Ne5 Qa8 28. Nc6 Re8 29. Bc7 Rf8 30. Bf4 Re8 31. Bc7 Bf8 32. Bxa5 Rc8 33. Bxb4 Ne4 34. Qa3 Bxb4 35. Qxb4 Kh7 36. f3 Nf6 37. Qe7 Bg6 38. Nab4 Bf5 39. Na2 Bg6 40. Nab4 Ne8 41. Na6 Nf6 42. Nab4 Ne8 43. Na6 Nf6 44. Nab4 Ne8 45. Na6 h5 46. Rc3 Nf6 47. Qa3 Nd7 48. b4 Nb6 49. Ne5 Nd7 50. Nc6 Nb6 51. Ne5 Rxc3 52. Qxc3 Nxa4 53. Qc6 Qxc6 54. Bxc6 Nb6 55. Nd7 Nc8 56. b5 Bd3 57. Nb4 Bc4 58. b6 Nxb6 59. Nxb6 Kg6 60. Nxc4 dxc4 61. Kf2 Kf5 62. Be4+ 1-0

[Variant "Standard"]
[Site "Europe Echecs"]

[Event "Championnat du monde jeunes U10F"]
[Date "2024.11.16"]
[White "Li, Wan Qin"]
[Black "Yang, Aimee"]
[WhiteElo "1628"]
[BlackElo "1864"]
[Round "2.3"]
[Result "0-1"]
[TimeControl "5400+30"]

1. Nf3 Nf6 2. g3 g6 3. Bg2 Bg7 4. d4 O-O 5. O-O d5 6. c4 c6 7. cxd5 cxd5 8. Nc3 Bf5 9. Bf4 Nc6 10. h3 Ne4 11. Qb3 Na5 12. Qd1 Rc8 13. Rc1 Nxc3 14. bxc3 Be4 15. Ne5 Bxg2 16. Kxg2 e6 17. Qa4 b6
18. Ng4 Qe7 19. e3 Rc4 20. Qc2 g5 21. Bxg5 Qxg5 22. f4 Qf5 23. Qf2 Rfc8 24. Qd2 Nb7 25. Nf2 Nd6 26. g4 Qg6 27. Kh2 b5 28. Rg1 Ne4 29. Qe2 Nxf2 30. Qxf2 Rxc3 31. Rxc3 Rxc3 32. f5 Qg5 33. fxe6 fxe6 34. Rf1 Qe7 35. g5 Qc7+ 36. Qf4 Qxf4+ 37. Rxf4 Rxe3 38.
Kg2 Re4 39. Rxe4 dxe4 40. Kf2 Bxd4+ 41.
Ke2 a5 42. a3 b4 43. axb4 axb4 44. Kd2 b3 45. h4 b2 46. Kc2 e3 47. Kd3 b1=Q+ 48. Kxd4 e2 49. h5 e1=Q 50. Kc5 Qbb4+ 51. Kc6 Qec3+ 52. Kd7 Qbd4+ 53.
Ke7 Qc7+ 54. Kxe6 Qcd7# 0-1

[Variant "Standard"]
[Site "Europe Echecs"]

[Event "Championnat du monde jeunes U10F"]
[Date "2024.11.16"]
[White "Khusnitdinova, Husnorakhon"]
[Black "Nandinjiguur, Chinzorig"]
[WhiteElo "1626"]
[BlackElo "1807"]
[Round "2.4"]
[Result "0-1"]
[TimeControl "5400+30"]

1. e4 e5 2. Nf3 Nc6 3. Nc3 Nf6 4. d4 exd4 5. Nxd4 Bb4 6. Nxc6 bxc6 7. Bd3 d5 8. exd5 cxd5 9. O-O O-O 10. Bg5 c6 11. Qf3 h6 12. Bf4 Bd6 13. Rfe1 Bg4 14. Qe3 Re8 15. Qd2 Bxf4 16. Qxf4 Qb8 17. Rxe8+ Qxe8 18. f3 Be6 19. Re1 Qb8 20. Qc1 c5 21. Bf1 c4 22. b3 Qb4 23. Ne2 Rc8 24. Nc3 Ra8 25. Ne2 Rc8 26. Nc3 Ra8 27. Ne2 Rc8 28. Qd1 Ra8 29. Qc1 Rc8 30. Qd1 cxb3 31. cxb3 d4 32. Nf4 Bf5 33. Ne2 Be6 34. Nf4 Bf5 35. Ne2 Be6 36. Nf4 Bf5 37. Bd3 Bxd3 38. Nxd3 Qd6 39. Qd2 Nd5 40. Rc1 Nc3 41. b4 Re8 42. Re1 Rc8 43. Rc1 Re8 44. Re1 Rxe1+ 45. Qxe1 Qe6 46. Qxe6 fxe6 47. a3 Kf7 48. Kf2 Ke7 49. Nb2 Kd6 50. Ke1 Kd5 51. a4 Na2 52. b5 e5 53.
Nd3 Nc3 54. Nb2 Kc5 55. Nd3+ Kd5 56. Nb2 e4 57. fxe4+ Kxe4 58. Kd2 Kd5 59. Ke1 Ke4 60. Kd2 g6 61. h3 g5 62. g4 Kd5 63. Kd3 Kc5 0-1

[Variant "Standard"]
[Site "Europe Echecs"]

[Event "Championnat du monde jeunes U10F"]
[Date "2024.11.16"]
[White "Ahmadli, Mehriban"]
[Black "Samhita Pungavanam"]
[WhiteElo "1624"]
[BlackElo "1752"]
[Round "2.6"]
[Result "1-0"]
[TimeControl "5400+30"]

1. e4 c5 2. Nf3 Nc6 3. d4 cxd4 4. Nxd4 Nf6 5. Nc3 d6 6. f3 e6 7. Be3 Be7 8. Qd2 Bd7 9. Ndb5 Nb4 10. a3 Bxb5 11. Bxb5+ Nc6 12. O-O O-O 13. Rad1 a6 14. Bc4 b5 15. Ba2 Qc7 16. Qf2 Ne5 17. Qg3 Kh8 18. Rd4 Nc4 19. Bxc4 bxc4 20. Qf2 Rab8 21. Nd1 d5 22. e5 Nd7 23. f4 Bc5 24. Rd2 Bxe3 25. Qxe3 Qc5 26. Rd4 f6 27. exf6 Nxf6 28. c3 Qb6 29. Qe5 Ne4 30. f5 Nd2 31. f6 Kg8 32. Qg5 Qa7 33. f7+ Kh8 34. Rf4 Ne4 35. Qe5 Qe7 36. Rxd5 Nf6 37. Rc5 Qxf7 38. Rc7 Qg6 39. Rf3 Ng4 40. Rxf8+ Rxf8 41. Qe2 Qd3 42. Qxd3 cxd3 43. Rd7 Ne5 44. Rd4 h6 45. Nf2 Rb8 46. b4 Rc8 47. Nxd3 Nxd3 48. Rxd3 Rc6 49. Kf2 Kh7 50. Ke3 Kg6 51. a4 Kf5 52. Kd4 e5+ 53. Kd5 e4 54. Re3 Rc8 55. g4+ Kxg4 56. Kxe4 g5 57. Rg3+ Kh4 58. Kd4 Rd8+ 59. Ke3 Rb8 60. Kf3 Rf8+ 61. Kg2 g4 62. h3 h5 63.
hxg4 hxg4 64. Rd3 Rc8 65. Re3 Rd8 66. Re2 Rd3 67. Rc2 Rg3+ 68. Kh1 Rd3 69. Kh2 Rh3+ 70. Kg1 Kg3 71. c4 Rh8 72. c5 Rd8 73. Rc1 Rd2 74. Rc3+ Kh4 75. c6 Rd1+ 76. Kf2 Rd2+ 77. Ke1 Rd8 78. c7 Rc8 79. b5 axb5 80. axb5 g3 81. b6 g2 82. Kf2 Rg8 83. Kg1 1-0

[Variant "Standard"]
[Site "Europe Echecs"]

[Event "Championnat du monde jeunes U10F"]
[Date "2024.11.16"]
[White "Anistoroaei, Maria"]
[Black "Milojevic, Dunja"]
[WhiteElo "1715"]
[BlackElo "1610"]
[Round "2.9"]
[Result "1-0"]
[TimeControl "5400+30"]

1. d4 Nf6 2. Bf4 e6 3. e3 d5 4. Nf3 Bd6 5. Ne5 O-O 6. Bd3 c5 7. c3 Qc7 8. Nd2 b6 9. O-O Nc6 10. Ndf3 h6 11. h3 Nd7 12. Nxc6 Qxc6 13. Bxd6 Qxd6 14. a4 a5 15. Qe2 Bb7 16. Rfd1 Rfe8 17. e4 e5 18. dxe5 Nxe5 19. Bb5 Nxf3+ 20. Qxf3 Re5 21. Rd2 d4 22. Re1 f5 23. cxd4 Rxe4 24. Rxe4 Bxe4 25. Qb3+ Kh8 26. Qc3 Rd8 27. f3 cxd4 28. Qc1 Bb7 29. Rd3 f4 30. Qd2 Bc8 31. Qe1 Bf5 32. Rd2 d3 33. Kh2 Qd4 34. Qd1 Rc8 35. Ba6 Rc7 36. Bb5 Qe3 37. Rxd3 Bxd3 38. Qxd3 Qxd3 39. Bxd3 Rc1 40.
h4 Rd1 41. Be4 g5 42. hxg5 hxg5 43. Kh3 Kg7 44. g3 Kf6 45. b3 Rg1 46. gxf4 gxf4 47. Kh4 Ke5 48. Kh3 Re1 49. Bc6 Re3 50. Kg4 Rxb3 51. Kg5 Rb4 52. Be8 b5 53. Bxb5 Rxb5 54. axb5 a4 55. b6 Kd6 56. Kxf4 a3 57. Ke4 1-0

[Variant "Standard"]
[Site "Europe Echecs"]

[Event "Championnat du monde jeunes U10F"]
[Date "2024.11.16"]
[White "Sobirova, Mumtozbegim"]
[Black "Sholpanbek, Zhansaya"]
[WhiteElo "1476"]
[BlackElo "1657"]
[Round "2.17"]
[Result "0-1"]
[TimeControl "5400+30"]

1. e4 e5 2. Nf3 Nc6 3. Bc4 Bc5 4. c3 Nf6 5. d3 O-O 6. Bb3 d5 7. Qe2 a5 8. Bg5 d4 9. Nbd2 h6 10. Bh4 a4 11. Bd1 a3 12. Nb3 axb2 13. Qxb2 dxc3 14. Qe2 Ba3 15. Qb2 Bc5 16. Qe2 Ba3 17. Qb2 Bc5 18. Qe2 Ba3 19. Qb2 Bc5 20. Qe2 Ba3 21. Rb1 Bc5 22. Ra1 Ba3 23. Rb1 Bc5 24. Ra1 Ba3 25. Rb1 Bg4 26. h3 Bxf3 27. gxf3 Nb4 28. Bxf6 Nxd3+ 29. Kf1 Nb4 30. Ke1 Nd3+ 31. Kf1 gxf6 32. Qe3 Nf4 33. Qe2 Nd3 34. Qe3 Nf4 35.
Qxc3 Qe7 36. Nd2 c5 37. Nc4 Bb4 38. Qc2 Ba3 39. Qc3 Bb4 40. Qc2 Rfd8 41. Qc3 Rf8 42. Qc2 Rfd8 43. Qc3 Rf8 44. Qc2 Rfd8 45. Qc3 Rf8 46. Qc2 Rfd8 47. Qc3 Rf8 48. Qc2 Rfd8 49. Qc3 Rf8 50. Qc2 Rfd8 51. Qc3 Rf8 52. Qc2 Rfd8 53. a3 Bxa3 54. Ra1 Qd7 55. Rb1 Qe7 56. Ra1 Qd7 57. Rb1 Qe7 58. Ra1 Qd7 59. Rb1 Qe7 60. Ra1 Qd7 61. Rb1 Qe7 62. Ra1 Qd7 63. Rb1 Qe7 64. Ra1 Qd7 65. Nb6 Qb5+ 66. Qc4 Qxb6 67. Qc2 Qb5+ 68. Qc4 Qb6 69. Qc2 Qb5+ 70. Qc4 Qb6 71. Qc2 Qb5+ 72. Qc4 Qb6 73. Qc2 Qb5+ 74. Qc4 Qb6 75. Qc2 Qb5+ 76. Qc4 Qb6
77. Qc2 Qb5+ 78. Qc4 Qb6 79. Qc2 Qb2 80. Rg1+ 0-1

[Variant "Standard"]
[Site "Europe Echecs"]

[Event "Championnat du monde jeunes U10F"]
[Date "2024.11.16"]
[White "Trzcinska, Weronika"]
[Black "Abibulla, Inzhu"]
[WhiteElo "1653"]
[BlackElo "1499"]
[Round "2.18"]
[Result "1/2-1/2"]
[TimeControl "5400+30"]

1. e4 d6 2. Nf3 e5 3.
Bc4 Bg4 4. h3 Bh5 5. Nc3 Bg4 6. Nb1 Bh5 7. Nc3 Nf6 8. Be2 Nc6 9. d3 h6 10. Be3 Be7 11. O-O O-O 12. Nd2 Bxe2 13.
Qxe2 d5 14. exd5 Nxd5 15. Nxd5 Qxd5 16. Nb3 Qd8 17. Nd2 Qd5 18. Nb3 Qd8 19. Nd2 Qd5 20. Nb3 Qd8 21. Nd2 Qd5 22. Nb3 Qd8 23. Nd2 Qd5 24. Nb3 Qd8 25. Nd2 Qd5 26. Nb3 Rad8 27. f3 f5 28. Bf2 f4 29. Rfe1 Bb4 30. Red1 Be7 31. Re1 Bb4 32. Red1 Be7 33. Re1 Bb4 34. Red1
Be7 35. a3 a5 36. Qe4 Qxe4 37. dxe4 b6 38. c3 Kh7 39. Nd2 Rd7 40. Nb3 Rdd8 41. Nd2 Rd7 42. Kf1 Rfd8 43. Ke2 Bb4 44. Kf1 Be7 45. Ke2 Bb4 46. Kf1 Be7 47. Ke2 Rf8 48. Kf1 Rfd8 49. Ke2 Rf8 50. Kf1 Rfd8 51. Ke2 a4 52. Nf1 Na5 53. Nd2 Nc6 54. Nf1 Na5 55. Rxd7 Rxd7 56. Rd1 Rxd1 57. Kxd1 Nc4 58. Kc2 Na5 59. Kd1 Nc4 60. Kc2 Na5 61. Kd1 Nc4 62. Kc2 Kg6 63. Nd2 Nxd2 64. Kxd2 Kf6 65.
Kd3 b5 66. Be1 Ke6 67. c4 c6 68. cxb5 cxb5 69. Ba5 Kd7 70. Be1 Ke6 71. Ba5 Kd7 72. Bc3 Ke6 73. Ba5 Kd7 74. Bc3 Bd6 75. Ba5 g6 76. Kc3 h5 77. Bb6 Kc6 78. Ba5 Bc5 79. Bb4 Bd6 80. Ba5 Bc5 81. Bb4 Bxb4+ 82.
Kxb4 g5 83. Kc3 Kc5 84. Kd3 b4 85.
axb4+ Kxb4 86. Kc2 Kc4 87. Kd2 Kc5 88. Kd3 Kb4 89. Kc2 Kc4 90. Kd2 Kb3 91. Kc1 Kb4 92. Kc2 Kc4 93. Kd2 Kb3 94. Kc1 Kb4 95. Kb1 Kc5 96. Kc2 Kc4 97. Kd2 Kb3 98. Kc1 Kb4 99. Kb1 Kb3 100. Kc1 Kb4 101. Kc2 Kc4 102. Kd2 Kb3 103. Kc1 Kb4 104. Kb1 Kb3 105. Kc1 a3 106. bxa3 Kxa3 107. Kc2 Kb4 108. Kb2 Kc4 109.
Kc2 Kd4 110. Kc1 Kc4 111. Kc2 Kd4 112. Kd2 Kc4 113. Kc2 Kd4 114. Kd2 Kc4 115. Kc2 Kd4 116. Kd2 h4 117. Ke2 Kc3 118. Ke1 Kd3 119. Kd1 Kd4 120. Ke2 Kc3 121. Ke1 Kd3 122.
Kd1 Kd4 123. Ke2 Kc3 124. Ke1 Kd3 125. Kd1 Kc3 126. Kc1 Kd3 127. Kd1 Ke3 128. Ke1 Kd3 129. Kd1 Kc3 130. Kc1 Kd3 131. Kd1 Ke3 132.
Ke1 Kd3 133. Kd1 Ke3 134. Kc1 Kd4 135. Kd2 1/2-1/2

[Variant "Standard"]
[Site "Europe Echecs"]